 Dungeon Crawl Stone Soup version 0.28-a0-932-g843f935a50 (webtiles) character file.

Game seed: 9380625486435366619

9153 Htamos the Merchant of Misery (level 11, 0/87 HPs)
             Began as a Mummy Necromancer on Nov 27, 2021.
             Was a Believer of Kikubaaqudgha.
             Killed by dispel undead
             ... invoked by Josephine
              (31 damage)
             ... on level 10 of the Dungeon.
             The game lasted 00:44:15 (16526 turns).

Htamos the Merchant of Misery (Mummy Necromancer)  Turns: 16526, Time: 00:44:16

Health: 0/87       AC: 14    Str: 13    XL:     11   Next: 19%
Magic:  25/25      EV: 12    Int: 17    God:    Kikubaaqudgha [**....]
Gold:   278        SH:  0    Dex: 18    Spells: 17/31 levels left

rFire   . . .      SeeInvis .   g - +4 dagger (venom)
rCold   + . .      Faith    .   (no shield)
rNeg    + + +      Spirit   .   u - +3 leather armour {rF+}
rPois   ∞          Reflect  .   d - +2 hat {Will+}
rElec   .          Harm     .   (no cloak)
rCorr   .          Rampage  .   c - +2 pair of gloves
Will    ++...                   q - +2 pair of boots {Stlth+}
Stlth   +++.......              (no amulet)
HPRegen 0.24/turn               r - ring of wizardry
MPRegen 0.19/turn               i - +6 ring of dexterity

@: no status effects
A: cold resistance 1, negative energy resistance 3, torment resistance 2, heat
vulnerability 1, no potions
a: Renounce Religion, Receive Corpses


You were on level 10 of the Dungeon.
You worshipped Kikubaaqudgha.
Kikubaaqudgha was pleased with you.
You visited 2 branches of the dungeon, and saw 12 of its levels.
You also visited: Sewer.

You collected 566 gold pieces.
You spent 288 gold pieces at shops.

Inventory:

Hand Weapons
 g - a +4 dagger of venom (weapon)
 k - a +0 scythe
 n - a +1 spear of venom
 s - a +0 vampiric hand axe
Missiles
 v - 4 throwing nets
Armour
 a - a +0 robe
 c - a +2 pair of gloves (worn)
 d - a +2 hat of willpower (worn)
 e - a +0 chain mail
 h - a +0 robe
 m - +0 steam dragon scales
 q - a +2 pair of boots of stealth (worn)
 u - a +3 leather armour of fire resistance (worn)
Jewellery
 i - a +6 ring of dexterity (right hand)
 l - a ring of magical power
 r - a ring of wizardry (left hand)
 z - a ring of willpower
Wands
 y - a wand of flame (10)
Scrolls
 b - 3 scrolls of fog
 f - 2 scrolls of magic mapping
 j - 5 scrolls of identify {@rr}
 o - 2 scrolls of enchant armour
 p - a scroll of amnesia
 w - a scroll of immolation
 x - a scroll of teleportation


   Skills:
 + Level 8.7 Fighting
 - Level 1.6 Dodging
 - Level 1.6 Stealth
 + Level 10.8 Spellcasting
 * Level 13.0 Necromancy


You had 17 spell levels left.
You knew the following spells:

 Your Spells              Type           Power      Damage    Failure   Level
a - Pain                  Necr           100%       1d9       1%          1
b - Vampiric Draining     Necr           52%        2d9       1%          3
c - Agony                 Necr           52%        N/A       1%          5
d - Animate Skeleton      Necr           100%       N/A       1%          1
e - Animate Dead          Necr           26%        N/A       1%          4

Your spell library contained the following spells:

 Spells                   Type           Power      Damage    Failure   Level
 Corpse Rot               Necr/Air       62%        N/A       1%          2
 Dispel Undead            Necr           52%        3d19      1%          4
 Death Channel            Necr           26%        N/A       2%          6
 Summon Small Mammal      Summ           36%        N/A       4%          1
 Borgnjor's Vile Clutch   Necr/Erth      15%        N/A       8%          5
 Call Canine Familiar     Summ           9%         N/A       12%         3
 Ignite Poison            Fire/Tmut/Pois 9%         N/A       12%         3
 Mephitic Cloud           Conj/Pois/Air  9%         N/A       12%         3
 Summon Guardian Golem    Hex/Summ       9%         N/A       12%         3
 Simulacrum               Ice/Necr       15%        N/A       38%         6
 Freezing Cloud           Conj/Ice/Air   4%         6-21      69%         5
 Conjure Ball Lightning   Conj/Air       4%         3x3d6     99%         6
 Summon Hydra             Summ           4%         N/A       100%        7
 Discord                  Hex            4%         N/A       100%        8
 Disjunction              Tloc           4%         N/A       100%        8
 Sublimation of Blood     Necr           Unusable   N/A       N/A         2
 Wereblood                Tmut           Unusable   N/A       N/A         2

Dungeon Overview and Level Annotations

Branches:
Dungeon (11/15)            Temple (1/1) D:4            Lair (0/6) D:10
  Sewer (visited)
    Orc: D:9-12

Altars:
Ashenzari
Cheibriados
Dithmenos
Elyvilon
Fedhas
Gozag
Hepliaklqana
Kikubaaqudgha
Makhleb
Nemelex Xobeh
Okawaru
Sif Muna
Trog
Uskayaw
Vehumet
Wu Jian
Xom
Yredelemnul
Zin
The Shining One

Shops:
D:4 [   D:7 =[

Annotations:
D:6 2 transporters, Duvessa
D:10 exclusion: boulder beetle, Josephine


Innate Abilities, Weirdness & Mutations

You are immune to poison.
Your flesh is cold resistant. (rC+)
You are immune to negative energy. (rN+++)
You are immune to unholy pain and torment.
You are vulnerable to heat. (rF-)
You do not drink.


Message History

You hit Josephine but do no damage.
Josephine is moderately wounded.
Josephine hits you with a +0 dagger.
You closely miss Josephine.
Josephine is moderately wounded.
Josephine grins malevolently.
Josephine hits you but does no damage.
You hit Josephine.
Josephine is moderately wounded.
Josephine hits you but does no damage.
You hit Josephine but do no damage.
Josephine is poisoned.
Josephine is moderately wounded.
Josephine closely misses you.
You hit Josephine but do no damage.
Josephine is moderately wounded.
Josephine hits you with a +0 dagger!
You hit Josephine.
Josephine looks even sicker.
Josephine is heavily wounded.
Josephine closely misses you.
You hit Josephine.
Josephine looks as sick as possible!
Josephine is heavily wounded.
Josephine barely misses you. Josephine hits you with a +0 dagger.
Josephine casts a spell at you.
You convulse!
* * * LOW HITPOINT WARNING * * *
Unknown command.
The wraith hits you.
* * * LOW HITPOINT WARNING * * *
Josephine hits you but does no damage.
You hit Josephine.
Josephine looks as sick as possible!
Josephine is severely wounded.
The wraith hits you but does no damage. Josephine misses you.
You hit Josephine.
Josephine looks as sick as possible!
Josephine is severely wounded.
The wraith closely misses you. Josephine casts a spell at you.
You convulse!
You die...
Kikubaaqudgha rasps: "You have failed me!
Welcome... oblivion!"

#......#.......# ♣♣♣♣♣♣♣
#......#...W...# ♣♣.....♣♣
####......#...W...# ♣♣.†.....♣♣
.....####.#.......# ♣♣....#....♣
.....####.........# ♣...##.##...
........##....W...###♣...#...#...
..##....##.###.####.'...#..#..#..
#.##....##....W@W...#♣...#.!.#...
#.#.....##.....W@..##♣...##.##...
#.#.#...##..........#♣♣(...#....♣
###.#######.##'##...# ♣♣.......♣♣
#.# #.##.##...# ♣♣.....♣♣ #.#
###.##.##...# ♣♣♣♣♣♣♣
###.#####....#.##...####
.##^......##.#.##......#
..##########.#B##......# ..#
##.#.##......#


You could see Josephine (extremely poisoned) and 4 wraiths.

Vanquished Creatures
  Harold (D:10)
  Maggie (D:8)
  Sigmund (D:3)
  A wyvern (D:7)
  A wraith (D:10)
  8 yaks
  A steam dragon (D:7)
  4 water moccasins
  A black bear (D:7)
  4 orc warriors
  A sky beast (D:6)
  A necrophage (D:5)
  An ogre (D:5)
  2 hornet zombies
  A centaur (D:5)
  A phantom (D:4)
  6 kobold brigands
  2 bullfrogs
  2 scorpions
  A wyvern zombie (D:7)
  A water moccasin skeleton (D:4)
  4 killer bees
  2 electric eels (D:10)
  3 bullfrog zombies
  A jelly (D:5)
  A hound (D:5)
  3 bullfrog skeletons
  Jessica (D:2)
  4 gnoll shamans
  2 iguanas
  3 orc wizards
  A howler monkey zombie (D:8)
  19 gnolls
  16 adders
  A howler monkey skeleton (D:7)
  7 river rats
  4 shadow imps
  3 white imps
  2 ufetubi
  3 worms (Sewer)
  3 dart slugs
  17 orcs
  8 ball pythons
  7 bats
  4 endoplasms
  5 giant cockroaches
  12 goblins
  5 hobgoblins
  8 jackals
  21 kobolds
  A quokka (D:2)
  4 frilled lizards
  9 rats
226 creatures vanquished.

Vanquished Creatures (collateral kills)
  Nergalle (D:10)
  A wolf spider zombie (D:10)
  A centaur skeleton (D:10)
  2 hellwings (D:10)
  2 meliai zombies (D:10)
  A wyvern (D:10)
  3 centaur zombies
  An iguana (D:5)
  A howler monkey skeleton (D:5)
  3 shadow imps (D:10)
16 creatures vanquished.

Vanquished Creatures (others)
  12 withered plants (D:10)
12 creatures vanquished.

Grand Total: 254 creatures vanquished

Notes
Turn   | Place    | Note
-------+----------+-------------------------------------------
     0 | D:1      | Htamos the Mummy Necromancer began the quest for the Orb.
     0 | D:1      | Reached XP level 1. HP: 13/13 MP: 4/4
   194 | D:1      | Reached XP level 2. HP: 20/20 MP: 1/5
   269 | D:1      | Found a faded altar of an unknown god.
   594 | D:1      | Reached skill level 1 in Fighting
   815 | D:1      | Reached XP level 3. HP: 24/26 MP: 0/7
  1272 | D:2      | Noticed Jessica
  1298 | D:2      | Killed Jessica
  1299 | D:2      | Reached skill level 5 in Necromancy
  1299 | D:2      | Reached XP level 4. HP: 28/33 MP: 0/9
  2009 | D:3      | Noticed Sigmund
  2957 | D:3      | Killed Sigmund
  2958 | D:3      | Reached skill level 6 in Necromancy
  2958 | D:3      | Reached XP level 5. HP: 15/40 MP: 1/11
  2958 | D:3      | Reached XP level 6. HP: 18/46 MP: 1/12
  4091 | D:4      | Found a staircase to the Ecumenical Temple.
  4108 | Temple   | Entered the Ecumenical Temple
  4367 | Temple   | Became a worshipper of Kikubaaqudgha
  4701 | D:4      | Reached skill level 5 in Spellcasting
  4701 | D:4      | Reached XP level 7. HP: 31/52 MP: 14/14
  4933 | D:4      | Found Asint's Armour Shop.
  5449 | D:4      | Reached skill level 7 in Necromancy
  5502 | D:4      | Learned a level 3 spell: Vampiric Draining
  5508 | D:4      | Learned a level 5 spell: Agony
  5510 | D:4      | Learned a level 1 spell: Animate Skeleton
  5515 | D:4      | Learned a level 4 spell: Animate Dead
  6161 | D:5      | Entered Level 5 of the Dungeon
  6566 | D:5      | Reached * piety under Kikubaaqudgha
  6566 | D:5      | Received a gift from Kikubaaqudgha
  6583 | D:5      | Found a glowing drain.
  6593 | Sewer    | Entered a sewer
  6917 | Sewer    | Reached XP level 8. HP: 61/61 MP: 9/17
  7083 | Sewer    | Reached skill level 8 in Necromancy
  7785 | D:5      | Found a shadowy altar of Dithmenos.
  7815 | D:5      | Reached ** piety under Kikubaaqudgha
  7816 | D:5      | Reached skill level 5 in Fighting
  8211 | D:5      | Reached skill level 9 in Necromancy
  8631 | D:6      | Reached XP level 9. HP: 52/69 MP: 9/20
  8825 | D:6      | Noticed a kobold demonologist
  8828 | D:6      | Found a transporter.
  9054 | D:6      | Noticed Duvessa
  9144 | D:6      | Found a transporter.
  9626 | D:7      | Reached skill level 10 in Necromancy
  9725 | D:7      | Found Joohadywk's Armour Shop.
  9997 | D:7      | Found Buixzene's Jewellery Shoppe.
  9999 | D:7      | Bought a +3 leather armour of fire resistance for 288 gold
                  | pieces
 11874 | D:8      | Noticed Maggie
 11916 | D:8      | Killed Maggie
 11917 | D:8      | Reached skill level 11 in Necromancy
 12071 | D:7      | Reached *** piety under Kikubaaqudgha
 12071 | D:7      | Received a gift from Kikubaaqudgha
 12072 | D:7      | Reached XP level 10. HP: 50/79 MP: 14/23
 12756 | D:8      | Noticed a two-headed ogre
 13014 | D:8      | Found a radiant altar of Vehumet.
 13909 | D:9      | Noticed a two-headed ogre
 14005 | D:10     | Entered Level 10 of the Dungeon
 14259 | D:10     | Noticed Nergalle
 14444 | D:10     | Noticed a spectral orc warlord
 14450 | D:10     | Killed Nergalle
 14461 | D:10     | Reached skill level 12 in Necromancy
 14471 | D:10     | Reached skill level 10 in Spellcasting
 14955 | D:10     | Reached XP level 11. HP: 78/87 MP: 20/25
 15177 | D:10     | Found a staircase to the Lair.
 15553 | D:10     | Noticed a boulder beetle
 15699 | D:10     | Noticed Harold
 15701 | D:10     | Acquired a +1 hat of willpower
 15723 | D:10     | Killed Harold
 15724 | D:10     | Reached skill level 13 in Necromancy
 16495 | D:10     | Noticed Josephine
 16526 | D:10     | Killed from afar by Josephine

Illustrated notes

Levels and vault maps discovered:
D:1:      dpeg_arrival_oval, layout_rooms,
          shapermc_ecumenical_altar_mp_ritualfount, minmay_tetromino_l2
D:2:      layout_rooms, uniq_jessica
D:3:      layout_basic, uniq_sigmund
D:4:      layout_layer_cave, minmay_temple_entry_grid, serial_shops,
          shop_statue, st_stairs_11
D:5:      layout_basic, lemuel_doored_altar, lightli_sewer_entry_pipes,
          minmay_circle_x
D:6:      gammafunk_wand_slinger, layout_rooms, uniq_duvessa
D:7:      layout_cave_pools, serial_shops, shop, shop,
          kennysheep_generic_room_13
D:8:      minmay_quarter_circles, layout_basic, fiery_altar_vehumet, uniq_maggie
D:9:      layout_loops_ring, mainiacjoe_overflow_alcove_1, serial_rivers,
          chequers_serial_rivers_small_b, chequers_serial_rivers_micro_d,
          chequers_serial_rivers_large_b, chequers_serial_rivers_micro_c,
          minmay_microvault
D:10:     cheibrodos_grave_circle, layout_basic, zin_treasury, lair_entry_dummy,
          corner_web_ring, kennysheep_generic_room_2, uniq_nergalle,
          uniq_josephine, uniq_harold
D:11:     layout_loops_cross, uniq_grum
Temple:   regret_index_temple_mists

Skill      XL: |  1  2  3  4  5  6  7  8  9 10 11 |
---------------+----------------------------------+-----
Fighting       | 1 2 3 4 5 7 8 |  8.7
Spellcasting   | 3 4 5 6 7 9 10 | 10.8
Necromancy     | 5 6 7 9 11 12 13 | 13.0
Dodging        | |  1.6
Stealth        | |  1.6

Action                   |  1- 3 |  4- 6 |  7- 9 | 10-12 || total
-------------------------+-------+-------+-------+-------++-------
Melee: Unarmed           |     9 |       |       |       ||     9
       Dagger            |       |    21 |   249 |    78 ||   348
 Cast: Pain              |    74 |   111 |   353 |   146 ||   684
       Agony             |       |       |     6 |     8 ||    14
       Animate Dead      |       |       |       |     7 ||     7
Invok: Receive Corpses   |       |       |       |     7 ||     7
Evoke: Wand              |       |     5 |     2 |    10 ||    17
  Use: Scroll            |       |     4 |     9 |    10 ||    23
 Stab: Sleeping          |       |       |     2 |       ||     2
       Distracted        |       |       |     2 |     1 ||     3
Armor: Robe              |    32 |    10 |   108 |       ||   150
       Leather armour    |       |       |    70 |   117 ||   187
Dodge: Dodged            |    58 |    37 |   285 |   144 ||   524

Table legend: (Time is in decaauts)
 A = Elapsed time spent in this place.
 B = Non-inter-level travel time spent in this place.
 C = Inter-level travel time spent in this place.
 D = Time resting spent in this place.
 E = Time spent auto-exploring this place.
 F = Levels seen in this place.
 G = Mean time per level.
                   A        B        C        D        E       F      G
               +--------+--------+--------+--------+--------+-----+--------+
         Total |  16726 |  15861 |    865 |   3554 |   8507 |  13 | 1286.6 |
       Dungeon |  15328 |  14484 |    844 |   2974 |   7957 |  11 | 1393.5 |
        Temple |    619 |    598 |     21 |    468 |    100 |   1 |  619.0 |
         Sewer |    778 |    778 |      0 |    112 |    450 |   1 |  778.0 |
               +--------+--------+--------+--------+--------+-----+--------+

Top non-repeatable levels by time:
     D:7: 2594 daAuts
    D:10: 2518 daAuts
     D:4: 1882 daAuts
     D:3: 1803 daAuts
     D:5: 1755 daAuts
     D:6: 1233 daAuts
     D:8: 1126 daAuts
     D:1: 1038 daAuts
     D:2: 866 daAuts
   Sewer: 778 daAuts
  Temple: 619 daAuts
     D:9: 502 daAuts
    D:11: 8 daAuts
